 Dungeon Sprint DCSS version 0.27-a0-1200-g94dc6ad4cf (webtiles) character file.

Game seed: 17331237933563673162

22127 night the Brawler (level 12, -1/140 HPs)
             Began as a Troll Earth Elementalist on May 30, 2021.
             Was an Initiate of Gozag.
             Slain by an azure jelly (9 damage)
             ... in the Dungeon (Sprint V: "Ziggurat Sprint").
             The game lasted 00:13:29 (1000 turns).

night the Brawler (Troll Earth Elementalist)        Turns: 1000, Time: 00:13:29

Health: -1/140     AC: 21    Str: 31    XL:     12   Next: 60%
Magic:  12/12      EV:  0    Int: 14    God:    Gozag
Gold:   1305       SH: 30    Dex: 10    Spells: 12/13 levels left

rFire    + + .     SeeInvis +     - Unarmed
rCold    + + .     Faith    .   H - +18 shield of the Gong {rElec rN+ Will+ EV-5}
rNeg     + . .     Spirit   .   j - +5 gold dragon scales
rPois    +         Reflect  .   (helmet restricted)
rElec    +         Harm     .   (no cloak)
rCorr    +         Rampage  .   (gloves unavailable)
Will     +....     NoTele   +   (boots unavailable)
Stlth    ..........             (no amulet)
HPRegen  1.33/turn              E - +6 ring of strength
MPRegen  0.13/turn              N - ring "Baelo" {Str+5 SInv}

@: resistant (expiring), corroded, studying 2 skills, bribing [the Dungeon]
A: large, unfitting armour, claws 3, regeneration 1, shaggy fur 1, tough skin 1
a: Renounce Religion, Potion Petition, Call Merchant, Bribe Branch


You were in the Dungeon.
You worshipped Gozag.
Gozag was most pleased with you.
You visited 1 branch You collected 7344 gold pieces.
You paid 6039 gold pieces to Gozag.

Inventory:

Hand Weapons
 I - the +7 Singing Sword {vorpal, sonic wave}
   (You found it in the Dungeon)

   It inflicts extra damage upon your enemies.
 W - the +4 dagger "Morg" {pain, Will+ Int+5}
   (You found it in the Dungeon)

   In the hands of one skilled in necromantic magic, it inflicts extra damage on
   living creatures.
   It affects your intelligence (+5).
   It increases your willpower.
Missiles
 b - 30 stones
 Y - 11 large rocks
Armour
 a - +5 fire dragon scales
 c - a +0 robe
 j - +5 gold dragon scales (worn)
 k - a +3 kite shield
 l - a +3 tower shield
 H - the +18 shield of the Gong (worn) {rElec rN+ Will+ EV-5}
   (You found it in the Dungeon)

   It affects your evasion (-5).
   It insulates you from electricity.
   It protects you from negative energy.
   It increases your willpower.
 J - a +0 kite shield of cold resistance
Magical Staves
 M - a staff of cold
 Z - a staff of earth
Jewellery
 p - the ring "Ehumolay" {rN+ Will+ Int+3 Dex+4}
   (You found it in the Dungeon)

   [ring of positive energy]

   It affects your intelligence (+3).
   It affects your dexterity (+4).
   It protects you from negative energy.
   It increases your willpower.
 z - a ring of flight
 A - a +6 ring of dexterity
 B - a +6 ring of dexterity
 C - a +6 ring of intelligence
 D - a +6 ring of intelligence
 E - a +6 ring of strength (left claw)
 F - a +6 ring of strength
 N - the ring "Baelo" (right claw) {Str+5 SInv}
   (You found it in the Dungeon)

   [ring of see invisible]

   It affects your strength (+5).
   It lets you see invisible.
 O - the ring "Cudumona" {*Slow Fly rPois rN++ Int+3}
   (You found it in the Dungeon)

   [ring of flight]

   It affects your intelligence (+3).
   It protects you from poison.
   It greatly protects you from negative energy.
   It grants you flight.
   It may slow you when you take damage.
 P - a ring of willpower
 T - a +4 ring of evasion
 V - a ring of magical power
 X - a ring of protection from cold
Wands
 w - a wand of mindburst (7)
 x - a wand of iceblast (7)
 y - a wand of acid (6)
Scrolls
 i - 4 scrolls of blinking
 r - 4 scrolls of amnesia
 s - 7 scrolls of fog
 t - a scroll of holy word
 u - 5 scrolls of identify
 v - 2 scrolls of fear
 K - 4 scrolls of enchant weapon
 R - 3 scrolls of brand weapon
Potions
 d - 10 potions of curing
 e - 14 potions of heal wounds
 f - 10 potions of haste
 g - 7 potions of magic
 h - 3 potions of berserk rage
 m - 2 potions of brilliance
 n - 2 potions of invisibility
 o - 4 potions of resistance
 q - 5 potions of might
Miscellaneous
 G - a lightning rod (4/4)
 L - a condenser vane
 Q - a tin of tremorstones (2/2)
 S - a box of beasts
 U - a phial of floods


   Skills:
 + Level 14.9 Fighting
 + Level 12.2 Armour
 - Level 1.5 Dodging
 - Level 1.0 Stealth
 - Level 9.0 Shields
 + Level 20.0 Unarmed Combat
 - Level 1.2 Spellcasting
 - Level 0.6 Transmutations
 - Level 2.6 Earth Magic


You had 12 spell levels left.
You knew the following spells:

 Your Spells              Type           Power      Damage    Failure   Level
a - Sandblast             Erth           16%        2d6       85%         1

Your spell library contained the following spells:

 Spells                   Type           Power      Damage    Failure   Level
 Passwall                 Tmut/Erth      4%         N/A       98%         2
 Foxfire                  Conj/Fire      0%         2x1d4     99%         1
 Freeze                   Ice            0%         1d3       99%         1
 Ensorcelled Hibernation  Hex/Ice        0%         N/A       100%        2
 Conjure Flame            Conj/Fire      0%         6-21      100%        3
 Frozen Ramparts          Ice            0%         1d2       100%        3
 Inner Flame              Hex/Fire       0%         N/A       100%        3
 Ozocubu's Armour         Ice            0%         N/A       100%        3
 Portal Projectile        Hex/Tloc       0%         N/A       100%        3
 Stone Arrow              Conj/Erth      8%         3d7       100%        3
 Hailstorm                Conj/Ice       0%         3d3       100%        4
 Ice Form                 Ice/Tmut       1%         N/A       100%        4
 Petrify                  Tmut/Erth      5%         N/A       100%        4
 Sticky Flame             Conj/Fire      0%         2d3       100%        4
 Bolt of Magma            Conj/Fire/Erth 1%         4d4       100%        5
 Fireball                 Conj/Fire      0%         3d3       100%        5
 Irradiate                Conj/Tmut      0%         3d13      100%        5
 Iskenderun's Battlesphe  Conj           0%         2d6       100%        5
 Lee's Rapid Deconstruct  Erth           4%         3d6*      100%        5
 Metabolic Englaciation   Hex/Ice        0%         N/A       100%        5
 Summon Mana Viper        Hex/Summ       0%         N/A       100%        5
 Blade Hands              Tmut           1%         N/A       100%        6
 Dispersal                Tloc           0%         N/A       100%        6
 Invisibility             Hex            0%         N/A       100%        6
 Iron Shot                Conj/Erth      2%         9d2       100%        6
 Simulacrum               Ice/Necr       0%         N/A       100%        6
 Statue Form              Tmut/Erth      3%         N/A       100%        6
 Dragon Form              Tmut           1%         N/A       100%        7
 Orb of Destruction       Conj           0%         N/A       100%        7
 Spellforged Servitor     Conj/Summ      0%         N/A       100%        7


Dungeon Overview and Level Annotations

Branches:
Dungeon (1/1)

Altars:
Ashenzari
Cheibriados
Dithmenos
Elyvilon
Fedhas
Gozag
Hepliaklqana
Kikubaaqudgha
Makhleb
Nemelex Xobeh
Okawaru
Qazlal
Ru
Sif Muna
Trog
Uskayaw
Vehumet
Wu Jian
Xom
Yredelemnul
Zin
The Shining One
Beogh
Jiyva
Lugonu


Innate Abilities, Weirdness & Mutations

You are too large for most types of armour.
You have claws for hands.
Your natural rate of healing is unusually fast.
You are covered in fur. (AC +1)
You have tough skin. (AC +1)


Message History

PTOANNNG!
The azure jelly hits you but does no damage.
You block the rockslime's attack.
BONNNG!
A slime creature suddenly becomes a large slime creature.
You scratch the acid blob but do no damage.
Your claws burn!
The acid blob is severely wounded.
You block the slime creature's attack.
PTOANNNG!
The acid blob hits you!!
* * * LOW HITPOINT WARNING * * *
You are splashed with acid.
You resist.
* * * LOW HITPOINT WARNING * * *
You block the azure jelly's attack.
GONNNNG!
You block the azure jelly's attack.
BOUMMMMG!
The azure jelly hits you but does no damage.
You block the azure jelly's attack.
GONNNNG!
Do you want to bribe the denizens of the Dungeon?
You no longer have enough gold to bribe branches to halt enemies' attacks and recruit allies.
Gozag spreads your bribe to the Dungeon!
You block the rockslime's attack.
GONNNNG!
A slime creature comes into view.
You block the slime creature's attack.
PANG!
The acid blob spits acid at you. The splash of acid hits you. You resist.
* * * LOW HITPOINT WARNING * * *
You are splashed with acid.
You resist.
* * * LOW HITPOINT WARNING * * *
The azure jelly hits you but does no damage.
The azure jelly hits you!
* * * LOW HITPOINT WARNING * * *
The azure jelly freezes you! You resist.
You die...
Your body crumbles into a pile of gold.

▓.▓....
▓...|)[[))..▓...©..
▓...........▓▓▓▓▓▓▓
▓.....J.....▓...8©8
▓....J......▓..[)[|
▓.G.J.......▓....[|
▓JJG........▓......
▓JJ▓.....▓..▓......
▓.@JJ.......▓......
▓..J..©.....▓).....
▓▓▓▓▓▓▓▓▓▓▓▓▓.▓)...
▓....8©8....▓..).©.
▓..)|})[)}..▓▓▓▓▓▓▓
▓...)..)|...▓...8©8
▓....=......▓..).).
▓...........▓.....|
▓...........▓......


You could see an acid blob, an azure jelly, a large slime creature, 4 slime
creatures, a rockslime, an eye of devastation, a glowing orange brain and 2
endoplasms.

Vanquished Creatures
  2 fire giants (D)
  3 iron dragons (D)
  3 stone giants (D)
  A fire dragon (D)
  A crystal guardian (D)
  A boulder beetle (D)
  3 hell hogs (D)
  A thrashing horror (D)
  2 iron golems (D)
  2 shining eyes (D)
  5 slime creatures (D)
  A black mamba (D)
  2 cane toads (D)
  A komodo dragon (D)
  A hornet (D)
  A raiju (D)
  7 spriggans (D)
  3 yaks (D)
  2 fire elementals (D)
  A chaos spawn (D)
  3 floating eyes (D)
  3 water moccasins (D)
  4 black bears (D)
  2 wolves (D)
  5 bullfrogs (D)
  2 earth elementals (D)
  A quasit (D)
  A jelly (D)
  3 iron imps (D)
  2 iguanas (D)
  4 mummies (D)
  A river rat (D)
  2 ufetubi (D)
  2 orcs (D)
  2 endoplasms (D)
  2 jackals (D)
  3 fire vortices (D)
85 creatures vanquished.

Vanquished Creatures (others)
  A fire giant (D)
  A shadow imp (D)
2 creatures vanquished.

Grand Total: 87 creatures vanquished

Notes
Turn   | Place    | Note
-------+----------+-------------------------------------------
     0 | D        | night the Troll Earth Elementalist began the quest for the
                  | Orb.
     0 | D        | Reached XP level 1. HP: 16/16 MP: 1/1
    22 | D        | Found a blossoming altar of Fedhas.
    23 | D        | Found the +6 Majin-Bo {vamp, MP+6 Int+6}
    23 | D        | Found the +9 heavy crossbow "Sniper" {vorpal, Acc+∞ SInv}
    23 | D        | Found the +10 dark maul {vorpal}
    23 | D        | Found the +15 Maxwell's patent armour {-Cast -Tele rElec
                  | Will+ rCorr}
    23 | D        | Found the +18 shield of the Gong {rElec rN+ Will+ EV-5}
    23 | D        | Found the +14 obsidian axe {vorpal, Drain Fly SInv}
    23 | D        | Found the +7 great mace "Firestarter" {inner flame, rF++}
    23 | D        | Found the +6 shillelagh "Devastator" {shatter}
    23 | D        | Found the +11 plutonium sword {Contam Stlth-}
    23 | D        | Found the +8 lance "Wyrmbane" {slay drac, rPois rF+ rC+
                  | AC+3}
    23 | D        | Found the +9 sword of Zonguldrok {reap}
    23 | D        | Found the +13 scythe of Curses {drain, Drain}
    23 | D        | Found the +5 sword of Power {vorpal}
    23 | D        | Found the +7 mace of Variability {chain chaos}
    23 | D        | Found the +7 Singing Sword {vorpal, sonic wave}
    23 | D        | Found the +8 storm bow {elec, penet}
    26 | D        | Found a shimmering blue altar of Sif Muna.
    26 | D        | Found a sacrificial altar of Ru.
    26 | D        | Found a bloodstained altar of Trog.
    26 | D        | Found a stormy altar of Qazlal.
    26 | D        | Found an iron altar of Okawaru.
    26 | D        | Found a sparkling altar of Nemelex Xobeh.
    28 | D        | Found a transporter.
    28 | D        | Found an ancient bone altar of Kikubaaqudgha.
    28 | D        | Found a viscous altar of Jiyva.
    28 | D        | Found a corrupted altar of Lugonu.
    28 | D        | Found a hazy altar of Hepliaklqana.
    28 | D        | Found a burning altar of Makhleb.
    28 | D        | Found an opulent altar of Gozag.
    72 | D        | Became a worshipper of Gozag Ym Sagoz the Greedy
    74 | D        | Reached skill level 7 in Unarmed Combat
    74 | D        | Reached XP level 2. HP: 24/24 MP: 2/2
    87 | D        | Entered arena 2.
    87 | D        | Found a transporter.
   109 | D        | Got the ring "Ehumolay" {rN+ Will+ Int+3 Dex+4}
   116 | D        | Entered arena 3.
   116 | D        | Noticed a yak
   116 | D        | Found a transporter.
   122 | D        | Reached skill level 2 in Fighting
   122 | D        | Reached XP level 3. HP: 35/35 MP: 3/3
   125 | D        | Killed a yak
   126 | D        | Reached skill level 5 in Fighting
   126 | D        | Reached skill level 9 in Unarmed Combat
   126 | D        | Reached XP level 4. HP: 50/50 MP: 4/4
   126 | D        | Reached XP level 5. HP: 57/57 MP: 5/5
   141 | D        | Entered arena 4.
   141 | D        | Found a transporter.
   147 | D        | Reached skill level 10 in Unarmed Combat
   150 | D        | Reached XP level 6. HP: 67/67 MP: 6/6
   168 | D        | Entered arena 5.
   168 | D        | Found a transporter.
   182 | D        | Reached skill level 11 in Unarmed Combat
   207 | D        | Entered arena 6.
   207 | D        | Noticed a spriggan
   207 | D        | Noticed a spriggan
   207 | D        | Noticed a spriggan
   207 | D        | Noticed a spriggan
   207 | D        | Found a transporter.
   223 | D        | Killed a spriggan
   224 | D        | Reached XP level 7. HP: 80/80 MP: 7/7
   229 | D        | Killed a spriggan
   230 | D        | Reached skill level 12 in Unarmed Combat
   236 | D        | Killed a spriggan
   244 | D        | Killed a spriggan
   245 | D        | Reached skill level 13 in Unarmed Combat
   245 | D        | Reached XP level 8. HP: 92/92 MP: 8/8
   255 | D        | Got the ring "Baelo" {Str+5 SInv}
   260 | D        | Got the ring "Cudumona" {*Slow Fly rPois rN++ Int+3}
   270 | D        | Entered arena 7.
   270 | D        | Noticed a thrashing horror
   270 | D        | Noticed a raiju
   288 | D        | Found a transporter.
   291 | D        | Killed a thrashing horror
   292 | D        | Reached skill level 14 in Unarmed Combat
   294 | D        | Reached skill level 5 in Shields
   296 | D        | Killed a raiju
   314 | D        | Got Guxasch's Almanac of the Ensnaring Voyage
   345 | D        | Entered arena 8.
   345 | D        | Noticed a slime creature
   345 | D        | Noticed a slime creature
   345 | D        | Noticed a slime creature
   345 | D        | Noticed a shining eye
   346 | D        | Found the +8 longbow "Zephyr" {speed, Dex+3 SInv}
   366 | D        | Killed a large slime creature
   367 | D        | Reached skill level 15 in Unarmed Combat
   367 | D        | Reached XP level 9. HP: 59/100 MP: 9/9
   372 | D        | Killed a shining eye
   373 | D        | Found a transporter.
   419 | D        | Entered arena 9.
   419 | D        | Noticed a spriggan rider
   431 | D        | Reached skill level 1 in Armour
   436 | D        | Reached skill level 2 in Armour
   437 | D        | Found a transporter.
   445 | D        | Reached skill level 10 in Fighting
   448 | D        | Reached skill level 16 in Unarmed Combat
   448 | D        | Reached XP level 10. HP: 110/110 MP: 10/10
   471 | D        | Entered arena 10.
   471 | D        | Noticed a shining eye
   474 | D        | Paralysed by a floating eye for 4 turns
   479 | D        | Found a transporter.
   479 | D        | Paralysed by a floating eye for 2 turns
   488 | D        | Killed a shining eye
   511 | D        | Got Sif Muna's Compendium of the Frostbite
   529 | D        | Entered arena 11.
   529 | D        | Noticed a cane toad
   530 | D        | Found the +4 dagger "Morg" {pain, Will+ Int+5}
   537 | D        | Killed a cane toad
   538 | D        | Reached skill level 5 in Armour
   562 | D        | Found a transporter.
   585 | D        | Entered arena 12.
   585 | D        | Noticed a black mamba
   586 | D        | Found the +5 scythe "Finisher" {speed, eviscerate}
   586 | D        | Noticed a cane toad
   586 | D        | Noticed a boulder beetle
   594 | D        | Killed a black mamba
   597 | D        | Killed a cane toad
   602 | D        | Reached skill level 17 in Unarmed Combat
   627 | D        | Killed a boulder beetle
   631 | D        | Reached XP level 11. HP: 120/123 MP: 11/11
   637 | D        | Found the +5 robe of Night {Dark Will+ SInv}
   638 | D        | Found a transporter.
   668 | D        | Entered arena 13.
   668 | D        | Noticed a stone giant
   668 | D        | Noticed an iron dragon
   668 | D        | Noticed a crystal guardian
   668 | D        | Noticed an iron golem
   668 | D        | Noticed an iron dragon
   668 | D        | Noticed an iron golem
   668 | D        | Noticed a stone giant
   672 | D        | Noticed an iron dragon
   673 | D        | Noticed a stone giant
   679 | D        | Killed a stone giant
   680 | D        | Reached skill level 12 in Fighting
   690 | D        | Killed a stone giant
   693 | D        | Killed a crystal guardian
   694 | D        | Reached skill level 18 in Unarmed Combat
   699 | D        | Killed an iron dragon
   704 | D        | Killed an iron dragon
   711 | D        | Killed an iron golem
   712 | D        | Reached skill level 10 in Armour
   725 | D        | Killed an iron dragon
   733 | D        | Killed an iron golem
   734 | D        | Reached skill level 19 in Unarmed Combat
   734 | D        | Reached XP level 12. HP: 69/137 MP: 12/12
   738 | D        | Killed a stone giant
   778 | D        | Found a transporter.
   820 | D        | Entered arena 14.
   821 | D        | Noticed a fire dragon
   821 | D        | Noticed a hell hog
   821 | D        | Noticed a fire giant
   821 | D        | Noticed a hell hog
   821 | D        | Noticed a fire giant
   821 | D        | Noticed a fire giant
   822 | D        | Noticed a hell hog
   831 | D        | Killed a hell hog
   832 | D        | Reached skill level 14 in Fighting
   842 | D        | Killed a fire dragon
   845 | D        | Killed a hell hog
   855 | D        | Killed a fire giant
   860 | D        | Killed a fire giant
   865 | D        | Killed a fire giant
   866 | D        | Reached skill level 12 in Armour
   870 | D        | Killed a hell hog
   871 | D        | Reached skill level 20 in Unarmed Combat
   882 | D        | Found a transporter.
   986 | D        | Entered arena 15.
   987 | D        | Noticed an acid blob
   987 | D        | Noticed a rockslime
   989 | D        | Noticed an azure jelly
  1000 | D        | HP: 20/140 [acid blob/splash of acid (5)]
  1000 | D        | HP: 8/140 [azure jelly (7)]
  1000 | D        | Slain by an azure jelly

Illustrated notes

Levels and vault maps discovered:
D:        sprint_v [room_start, room_1, room_2, room_3, room_4, room_5, room_6,
          room_7, room_8, room_9, room_10, room_11, room_12, room_13, room_14,
          room_15, room_16, room_17, room_18, room_19, room_20, room_21,
          room_22, room_23, room_24, room_25, room_26, room_27]

Skill      XL: |  1  2  3  4  5  6  7  8  9 10 11 12 |
---------------+-------------------------------------+-----
Unarmed Combat | 7 9 10 11 13 15 16 17 19 20 | 20.0
Fighting       | 2 5 6 8 9 10 11 13 14 | 14.9
Shields        | 6 8 9 |  9.0
Armour         | 3 7 10 12 | 12.2
Dodging        | |  1.5
Stealth        | |  1.0
Spellcasting   | |  1.2
Transmutations | |  0.6
Earth Magic    | |  2.6

Action                   |  1- 3 |  4- 6 |  7- 9 | 10-12 || total
-------------------------+-------+-------+-------+-------++-------
Melee: Unarmed           |    14 |    29 |    86 |   177 ||   306
Invok: Potion Petition   |       |       |     3 |     4 ||     7
       Bribe Branch      |       |       |       |     1 ||     1
Evoke: Lightning rod     |     2 |       |     1 |     4 ||     7
       Wand              |       |       |       |     1 ||     1
  Use: Potion            |     1 |       |       |       ||     1
 Stab: Distracted        |       |     1 |       |       ||     1
       Invisible         |       |       |       |     4 ||     4
Armor: Gold dragon scale |     4 |    16 |    45 |    41 ||   106
Dodge: Dodged            |       |     1 |       |     7 ||     8
Block: Kite shield       |    16 |    41 |   125 |   208 ||   390

Table legend: (Time is in decaauts)
 A = Elapsed time spent in this place.
 B = Non-inter-level travel time spent in this place.
 C = Inter-level travel time spent in this place.
 D = Time resting spent in this place.
 E = Time spent auto-exploring this place.
 F = Levels seen in this place.
 G = Mean time per level.
                   A        B        C        D        E       F      G
               +--------+--------+--------+--------+--------+-----+--------+
         Total |    904 |    904 |      0 |     85 |      0 |   1 |  904.0 |
       Dungeon |    904 |    904 |      0 |     85 |      0 |   1 |  904.0 |
               +--------+--------+--------+--------+--------+-----+--------+

Top non-repeatable levels by time:
       D: 904 daAuts
